Cogmind - Beta 11.1 @@@ ROGUE MODE // 2022.05.30 @ 12:06:53 Player: Decinym Result: Destroyed by P1-3CE with P1-3CE's Gatling Flakker Performance ------------- Evolutions (1) 500 Regions Visited (6) 1200 Robots Destroyed (51) 255 Value Destroyed (1041) 1041 Prototype IDs (32) 640 Alien Tech Used (0) 0 Bonus (376) 376 TOTAL SCORE: 4012 Bonus ------- Follower Combat Kills 108 Aligned with FarCom 300 Friendly Fire -32 Cogmind --------- Core Integrity 0/400 Matter 230/300 Energy 230/310 System Corruption 0% Temperature Cool (61) Movement Rolling (135) Ox3 Location -8/Mines Parts ------- > --- POWER (1) -------- Reinforced Fission Core > --- PROPULSION (2) --- Armored Wheel Armored Wheel > --- UTILITY (4) ------ High-capacity Storage Unit Makeshift Sensor Array Salvage Targeting Computer Supersonic Drone Bay (1/1) > --- WEAPON (2) ------- YOLO Cannon > --- INVENTORY (20) --- Makeshift Leg Advanced Myomer Leg Advanced Myomer Leg Experimental Heat Sink High-capacity Matter Pod (200) Gravity Neutralizer Experimental Targeting Computer Improved Target Analyzer Experimental Core Analyzer Improved Armor Integrity Analyzer Advanced Weapon Cycler Advanced Component Analysis Suite System Purifier AS-neutralizer No. 17b 8R-AWN's Boregun 8R-AWN's Boregun Field Lobotomy Kit (5) Deploy-a-Sentry Peak State ------------ > --- POWER ------------ Reinforced Fission Core > --- PROPULSION ------- Armored Wheel Armored Wheel > --- UTILITY ---------- High-capacity Storage Unit Makeshift Sensor Array Salvage Targeting Computer Supersonic Drone Bay > --- WEAPON ----------- YOLO Cannon > --- INVENTORY -------- Makeshift Leg Advanced Myomer Leg Advanced Myomer Leg Experimental Heat Sink High-capacity Matter Pod Gravity Neutralizer Experimental Targeting Computer Improved Target Analyzer Experimental Core Analyzer Improved Armor Integrity Analyzer Advanced Weapon Cycler Advanced Component Analysis Suite System Purifier AS-neutralizer No. 17b 8R-AWN's Boregun 8R-AWN's Boregun Field Lobotomy Kit Deploy-a-Sentry [Rating: 60] Favorites ----------- Power Light Ion Engine Engine Light Ion Engine Power Core Reinforced Fission Core Propulsion Armored Wheel Treads Light Treads Leg Aluminum Leg Wheel Armored Wheel Utility Medium Armor Plating Device Advanced Weapon Cycler Storage Large Storage Unit Processor Salvage Targeting Computer Protection Medium Armor Plating Weapon Autogun Energy Gun Beamcaster Energy Cannon YOLO Cannon Ballistic Gun Autogun Ballistic Cannon Light Cannon Build | -11 -10 -10 -9 -9 -9 -8 ------- Run | Scr Mat Min Mat Min Exi Min Slots Evolved 2 | . . . 2 . . . Power . | . . . . . . . Propulsion . | . . . . . . . Utility 2 | . . . 2 . . . Weapon . | . . . . . . . Parts Attached 74 | . 6 15 19 2 31 1 Power 7 | . . 3 2 . 2 . Engine 5 | . . 3 2 . . . Core 2 | . . . . . 2 . Reactor . | . . . . . . . Propulsion 17 | . 1 2 4 . 10 . Treads 8 | . . . 2 . 6 . Leg 5 | . 1 2 . . 2 . Wheel 4 | . . . 2 . 2 . Hover . | . . . . . . . Flight . | . . . . . . . Utility 25 | . 2 3 7 2 11 . Device 7 | . . . 1 . 6 . Storage 3 | . 1 1 . . 1 . Processor 2 | . . . 1 1 . . Hackware . | . . . . . . . Protection 13 | . 1 2 5 1 4 . Artifact . | . . . . . . . Weapon 25 | . 3 7 6 . 8 1 Energy Gun 4 | . . 1 3 . . . Energy Cannon 1 | . . . . . . 1 Ballistic Gun 14 | . . 4 3 . 7 . Ballistic Cannon 6 | . 3 2 . . 1 . Launcher . | . . . . . . . Special Weapon . | . . . . . . . Impact Weapon . | . . . . . . . Slashing Weapon . | . . . . . . . Piercing Weapon . | . . . . . . . Special Melee Weapon . | . . . . . . . Unidentified Prototypes 7 | . . . 2 . 5 . Parts Lost 16 | . . 6 2 . 8 . Power 5 | . . 2 1 . 2 . Propulsion 2 | . . 1 . . 1 . Utility 5 | . . . 1 . 4 . Weapon 4 | . . 3 . . 1 . Highest Loss Streak 6 | . . 2 1 . 6 . To Critical Strikes 4 | . . . . . 4 . Average Slot Usage (%) 98 | . 89 99 99 100 98 77 Engine 9 | . 14 13 10 11 4 . Core 2 | . . . . . 5 11 Treads 4 | . . . 14 . 6 . Leg 10 | . 27 27 1 . . . Wheel 8 | . . . 5 22 14 22 Device 3 | . . . 6 . 6 22 Storage 12 | . 14 14 11 11 11 11 Processor 6 | . . . 11 11 11 11 Protection 14 | . 4 13 15 22 14 . Energy Gun 4 | . . 7 15 . . . Ballistic Gun 13 | . . 7 6 22 19 . Ballistic Cannon 6 | . 27 11 . . 2 . Naked Turns . | . . . . . . . Heaviest Build 79 | 11 30 32 47 45 79 . Greatest Support 60 | 20 20 30 40 24 60 . Greatest Overweight (x) 3 | . 1 2 3 1 3 . Average Overweight (x) 1 | . . . . 1 1 . Largest Inventory Capacity 20 | . 15 15 15 15 20 20 Average Capacity 16 | . 9 15 15 15 19 20 Most Carried 20 | . 9 15 15 15 20 20 Average Carried 15 | . 8 14 14 14 17 18 Final Capacity 20 | 8 15 15 15 15 20 20 Final Carried 20 | 6 9 15 15 15 20 18 Class Distribution -------------------- 81% | Mutant 18% | Scavenger-Mutant Dominant Class ---------------- Mutant | -10/Materials Mutant | -10/Mines Mutant | -9/Materials Mutant | -9/Mines Mutant | -9/Exiles Mutant | -8/Mines Resources | -11 -10 -10 -9 -9 -9 -8 ----------- Run | Scr Mat Min Mat Min Exi Min Matter Collected 2847 | 200 179 624 300 220 1324 . Remotely . | . . . . . . . Salvage Created 2129 | . 226 165 619 415 624 80 Parts 168 | . 12 7 32 31 85 1 Haulers Intercepted 3 | . 1 . 2 . . . Recyclers Shooed 1 | . . 1 . . . . Parts Field Recycled . | . . . . . . . Retrieved Matter . | . . . . . . . Parts Self-Destructed . | . . . . . . . Prevented . | . . . . . . . Kills | -11 -10 -10 -9 -9 -9 -8 ------- Run | Scr Mat Min Mat Min Exi Min Combat Hostiles Destroyed 45 | . 6 11 12 9 5 2 Guns 28 | . . 4 10 9 5 . Cannons 14 | . 6 7 . . . 1 AOE 1 | . . . . . . 1 Classes Destroyed 12 | . 3 4 2 1 2 . Worker 2 | . . 1 1 . . . Builder 2 | . 1 . 1 . . . Tunneler 1 | . . . . 1 . . Hauler 3 | . 1 . 2 . . . Recycler 3 | . . 1 1 1 . . Turret 1 | . . . . . 1 . Swarmer 11 | . . 2 6 3 . . Grunt 16 | . 6 . 2 6 . 2 Duelist 1 | . . . 1 . . . Sentry 3 | . . . 3 . . . Zionite 5 | . . . . . 5 . Assembled 13 | . . 9 . . 4 . Best Kill Streak 6 | . 3 2 6 5 3 2 Combat Bots Only 5 | . 2 2 5 3 3 2 Max Kills in Single Turn 2 | . 1 1 2 1 1 2 Gunslinging . | . . . . . . . Exploded 1 | . . . . . . 1 Melee . | . . . . . . . Uniques/NPCs Destroyed 4 | . . . . . 4 . 8R-AWN (-9/Exiles) EX-BIN (-9/Exiles) EX-DEC (-9/Exiles) EX-HEX (-9/Exiles) Combat | -11 -10 -10 -9 -9 -9 -8 -------- Run | Scr Mat Min Mat Min Exi Min Damage Taken 3104 | . 128 728 622 200 1237 189 Core 537 | . 12 116 89 54 222 44 Absorbed by Shields . | . . . . . . . Redirected to Shielding 32 | . . 32 . . . . Core Remaining (%) 74 | 100 . 48 . . . . Volleys Fired 248 | . 23 58 39 22 104 2 Largest 2 | . 2 2 2 2 2 1 Hottest 112 | . 70 110 112 46 60 100 Shots Fired 464 | . 46 111 78 44 183 2 Gun 339 | . . 34 78 44 183 . Cannon 125 | . 46 77 . . . 2 Launcher . | . . . . . . . Special . | . . . . . . . Kinetic 381 | . 46 96 12 44 183 . Thermal 83 | . . 15 66 . . 2 Explosive . | . . . . . . . Electromagnetic . | . . . . . . . Robot Hit Streak 15 | . 8 4 15 9 12 4 Robot Miss Streak 6 | . 6 5 4 2 5 . Penetration Max 1 | . . . . . 1 . Secondary Targets 5 | . . . 2 3 . . Max Gunslinging Chain 1 | . . . 1 1 . . Shots Hit Robots 253 | . 27 46 50 31 97 2 Core Hits 107 | . 11 21 20 15 37 3 Critical Kills 7 | . . . . . 7 . Critical Parts Destroyed 12 | . . . . . 12 . Critical Strikes 31 | . 2 2 8 . 19 . Burn 9 | . . 1 8 . . . Destroy 19 | . . . . . 19 . Blast 3 | . 2 1 . . . . Melee Attacks . | . . . . . . . Impact . | . . . . . . . Slashing . | . . . . . . . Piercing . | . . . . . . . Sneak Attacks . | . . . . . . . Combat Hostiles . | . . . . . . . Follow-up Attacks . | . . . . . . . Damage Inflicted 4887 | . 531 837 873 489 1740 417 Guns 3349 | . . 267 873 469 1740 . Cannons 1298 | . 527 567 . . . 204 Explosions 213 | . . . . . . 213 Melee . | . . . . . . . Ramming 27 | . 4 3 . 20 . . Kinetic 3484 | . 527 667 81 469 1740 . Thermal 1376 | . . 167 792 . . 417 Explosive . | . . . . . . . Electromagnetic . | . . . . . . . Impact . | . . . . . . . Slashing . | . . . . . . . Piercing . | . . . . . . . Highest Corruption 5 | . . 5 . . . . Average Corruption 5 | . . 5 . . . . Corruption Purged . | . . . . . . . Corruption Blocked . | . . . . . . . Effects 34 | . . 34 . . . . Message Errors 8 | . . 8 . . . . Matter Fused 8 | . . 8 . . . . Heat Flow Errors 3 | . . 3 . . . . Energy Discharges 7 | . . 7 . . . . Parts Rejected 1 | . . 1 . . . . Data Loss (minor) 2 | . . 2 . . . . Data Loss (major) 1 | . . 1 . . . . Misfires 4 | . . 4 . . . . Overload Shots . | . . . . . . . Overflow Damage 15 | . 1 14 . . . . Projectiles 15 | . 1 14 . . . . Explosions . | . . . . . . . Melee . | . . . . . . . Knockbacks 7 | . 2 5 . . . . Impact . | . . . . . . . Kinetic 7 | . 2 5 . . . . Secondary . | . . . . . . . Self-Inflicted Damage 10 | . . . . 10 . . Shots . | . . . . . . . Rammed 2 | . . . 1 1 . . Targets Rammed 4 | . 1 1 1 1 . . Kicked 2 | . 1 1 . . . . Crushed . | . . . . . . . Highest Temperature 396 | . 114 396 136 110 314 61 Average Temperature 68 | . 39 79 43 45 87 28 Received Heat Transfer 407 | . 78 80 120 111 . 18 Effects 2 | . . 1 . . 1 . Energy Bleed 1 | . . 1 . . . . Interference 1 | . . . . . 1 . Siege Activations . | . . . . . . . Robots Corrupted . | . . . . . . . Combat Hostiles . | . . . . . . . Parts Fried . | . . . . . . . Impact Corruptions . | . . . . . . . Robots Melted 2 | . . . 2 . . . Combat Hostiles 2 | . . . 2 . . . Parts Melted 8 | . . . 8 . . . Heat Transferred 2944 | . . 370 2294 . . 280 Parts Sabotaged . | . . . . . . . Parts Stolen . | . . . . . . . Parts Stripped . | . . . . . . . Power Chain Reactions . | . . . . . . . Missiles Intercepted . | . . . . . . . Alert | -11 -10 -10 -9 -9 -9 -8 ------- Run | Scr Mat Min Mat Min Exi Min Peak Influence 288 | . 219 130 288 262 . 64 Initial 112 | . . 15 . 112 . . Average 74 | . 71 25 125 155 . 30 Maximum Alert Level 1 | . 1 . 1 1 . . Low Security (%) 89 | . 96 100 69 80 . 100 Level 1 10 | . 3 . 30 19 . . Level 2 . | . . . . . . . Level 3 . | . . . . . . . Level 4 . | . . . . . . . Level 5 . | . . . . . . . High Security . | . . . . . . . Max Security . | . . . . . . . Squads Dispatched 2 | . 1 . 1 . . . Investigation 2 | . 1 . 1 . . . Extermination . | . . . . . . . Reinforcement . | . . . . . . . Assault . | . . . . . . . Garrison . | . . . . . . . Intercept . | . . . . . . . Searches Triggered . | . . . . . . . Construction Impeded . | . . . . . . . Haulers Reinforced . | . . . . . . . Active Scanning Responses . | . . . . . . . Cargo Convoy Interrupts . | . . . . . . . Stealth | -11 -10 -10 -9 -9 -9 -8 --------- Run | Scr Mat Min Mat Min Exi Min Distress Signals 3 | . . 1 2 . . . Communications Jammed . | . . . . . . . Distress Signals . | . . . . . . . Times Spotted 100 | . 13 21 23 9 30 4 Peak Tracking Total 9 | . 3 2 6 3 9 4 Tactical Retreats 20 | . . 4 . . 16 . Traps | -11 -10 -10 -9 -9 -9 -8 ------- Run | Scr Mat Min Mat Min Exi Min Traps Triggered 2 | . 2 . . . . . Indirectly . | . . . . . . . Trap Hack Attempts . | . . . . . . . Triggered . | . . . . . . . Disarmed . | . . . . . . . Reprogrammed . | . . . . . . . Reused . | . . . . . . . Traps Extracted . | . . . . . . . Installed . | . . . . . . . Triggered . | . . . . . . . Exploded 3 | . . . . . 3 . Machines | -11 -10 -10 -9 -9 -9 -8 ---------- Run | Scr Mat Min Mat Min Exi Min Machines Disabled 18 | . . . 3 . 15 . Max in Single Turn 1 | . . . 1 . 1 . Machines Sabotaged . | . . . . . . . Garrisons Compromised . | . . . . . . . Overloaded Fab Kills . | . . . . . . . Hacking | -11 -10 -10 -9 -9 -9 -8 --------- Run | Scr Mat Min Mat Min Exi Min Machines Accessed 7 | . 3 . 2 . 2 . Terminals 4 | . 3 . 1 . . . Fabricators . | . . . . . . . Repair Stations . | . . . . . . . Recycling Units 1 | . . . 1 . . . Scanalyzers . | . . . . . . . Garrison Access . | . . . . . . . Total Hacks 16 | . 7 . 7 . 2 . Successful 9 | . 3 . 4 . 2 . Failed 7 | . 4 . 3 . . . Catastrophic 1 | . 1 . . . . . Database Lockouts . | . . . . . . . Manual 12 | . 7 . 4 . 1 . Terminals 12 | . 7 . 5 . . . Fabricators . | . . . . . . . Repair Stations . | . . . . . . . Recycling Units 2 | . . . 2 . . . Scanalyzers . | . . . . . . . Garrison Access . | . . . . . . . Terminal Hacks 6 | . 3 . 1 . 2 . Record 1 | . . . . . 1 . Part Schematic 1 | . 1 . . . . . Prototype ID Bank 2 | . 2 . . . . . Branch Access Points 1 | . . . 1 . . . EX-Prototype ID Bank 1 | . . . . . 1 . Fabricator Hacks . | . . . . . . . Repair Station Hacks . | . . . . . . . Recycling Unit Hacks 2 | . . . 2 . . . Retrieve Matter 1 | . . . 1 . . . Retrieve Components 1 | . . . 1 . . . Scanalyzer . | . . . . . . . Garrison Access Hacks . | . . . . . . . Unauthorized Hacks 1 | . . . 1 . . . Terminals 1 | . . . 1 . . . Botnet 1 | . . . 1 . . . Fabricators . | . . . . . . . Repair Stations . | . . . . . . . Recycling Units . | . . . . . . . Scanalyzers . | . . . . . . . Garrison Access . | . . . . . . . Data Cores Recovered . | . . . . . . . Used . | . . . . . . . Hacking Detections 5 | . 3 . 2 . . . Full Trace Events 1 | . . . 1 . . . Feedback Events . | . . . . . . . Feedback Blocked . | . . . . . . . Robot Schematics Acquired . | . . . . . . . Robots Built . | . . . . . . . Authchips . | . . . . . . . Time . | . . . . . . . Total Robot Build Rating . | . . . . . . . Part Schematics Acquired 1 | . 1 . . . . . Parts Built . | . . . . . . . Authchips . | . . . . . . . Time . | . . . . . . . Total Part Build Rating . | . . . . . . . Parts Repaired . | . . . . . . . Time . | . . . . . . . Parts Recycled . | . . . . . . . Recycled Matter . | . . . . . . . Retrieved Matter . | . . . . . . . Retrieved Components 5 | . . . 5 . . . Parts Scanalyzed . | . . . . . . . Part Schematics Acquired . | . . . . . . . Parts Damaged . | . . . . . . . Bothacking | -11 -10 -10 -9 -9 -9 -8 ------------ Run | Scr Mat Min Mat Min Exi Min Used RIF Installer . | . . . . . . . Robots Hacked . | . . . . . . . Non-combat . | . . . . . . . Combat . | . . . . . . . Robot Hacks Applied . | . . . . . . . Relay Couplers Released . | . . . . . . . Fabnet Peak Effective % . | . . . . . . . Robots Rewired . | . . . . . . . Allies Hacked . | . . . . . . . Hacks Repelled . | . . . . . . . Allies | -11 -10 -10 -9 -9 -9 -8 -------- Run | Scr Mat Min Mat Min Exi Min Total Allies 5 | . . 5 . . . . Largest Group 5 | . . 5 5 . . . Highest-Rated Group 84 | . . 84 84 . . . Highest-Rated Ally 31 | . . 31 31 . . . Total Orders 1 | . . . . . 1 . RETURN 1 | . . . . . 1 . Ally Attacks 45 | . . 2 43 . . . Total Damage 534 | . . 22 512 . . . Kills 7 | . . 1 6 . . . Allies Corrupted . | . . . . . . . Allies Melted . | . . . . . . . Intel | -11 -10 -10 -9 -9 -9 -8 ------- Run | Scr Mat Min Mat Min Exi Min Robot Analysis Total . | . . . . . . . Derelict Logs Recovered 2 | . . 1 . 1 . . Drone Launches 1 | . . . . . 1 . Drone Recoveries 1 | . . . . . 1 . Exploration | -11 -10 -10 -9 -9 -9 -8 ------------- Run | Scr Mat Min Mat Min Exi Min Turns Passed 6564 | . 611 1858 766 696 2626 7 Spaces Moved 3838 | 1 383 905 350 593 1606 . Core . | . . . . . . . Treads 441 | . . . 186 . 255 . Legs 1323 | 1 383 905 23 . 11 . Wheels 2074 | . . . 141 593 1340 . Hover . | . . . . . . . Flight . | . . . . . . . Fastest Speed 105 | 120 120 120 105 105 105 . Average Speed 144 | 120 133 176 165 105 139 . Slowest Speed 400 | 120 190 260 240 105 400 . Overloaded Moves . | . . . . . . . Propulsion Burnouts . | . . . . . . . Robots Hopped . | . . . . . . . Cave-ins Triggered . | . . . . . . . Exploration Rate (%) 56 | 2 72 99 28 99 90 6 Regions Visited 6 Branch Regions 4 Pre-discovered Areas 2 | . . . . 1 1 . Known Exits Taken 1 | . . . 1 . . . Unknown Exits Taken 5 | 1 1 1 . 1 1 . Scrap Searched 4 | . . 2 . 2 . . Spaces Dug . | . . . . . . . Terrain Destroyed 42 | . . 1 . . 9 32 Melee . | . . . . . . . Projectile 10 | . . 1 . . 9 . AOE 32 | . . . . . . 32 Terrain Rammed . | . . . . . . . Walls Destroyed . | . . . . . . . Machines Disabled . | . . . . . . . Actions | -11 -10 -10 -9 -9 -9 -8 --------- Run | Scr Mat Min Mat Min Exi Min Total 4468 | . 436 1059 466 632 1870 5 Wait 174 | . 16 59 18 9 72 . Move 3832 | . 382 904 349 592 1605 . Hop . | . . . . . . . Pick Up 61 | . 4 14 16 2 25 . Fast Attach 35 | . 5 6 11 1 12 . Attach 20 | . . 5 6 . 8 1 Detach 6 | . . . 1 . 5 . Swap 19 | . 1 4 2 1 11 . Drop 69 | . 4 8 23 4 28 2 Fire 248 | . 23 58 39 22 104 2 Melee . | . . . . . . . Ram 1 | . . . . 1 . . Kick 2 | . 1 1 . . . . Crush 1 | . . . 1 . . . Escape Stasis . | . . . . . . . Rewire . | . . . . . . . Trap . | . . . . . . . Miscellaneous . | . . . . . . . Route ------- -11/Scrapyard -10/Materials (discovered 3 exits: *Mat / [*Min x2]) -10/Mines (discovered 2 exits: *Mat x2) -9/Materials -9/Mines (discovered 3 exits: [*Mat x2] / *Exi) -9/Exiles -8/Mines History --------- Turn | Location | Event 1 | -11/Scrapyard | Discovered new exit (range 0) 1 | -11/Scrapyard | Entered Materials 118 | -10/Materials | Discovered new exit (range 16) 203 | -10/Materials | Discovered new exit (range 15) 311 | -10/Materials | Build established: Mutant 343 | -10/Materials | Discovered new exit (range 12) 612 | -10/Materials | Entered Mines 712 | -10/Mines | A weapon hastily lodged in a ceiling crevice suddenly fell to the ground 751 | -10/Mines | Discovered new exit (range 7) 768 | -10/Mines | Joined a pair of Derelicts in attacking an 0b10 outpost 947 | -10/Mines | Learned Materials terminal intel 1022 | -10/Mines | Assembled infested the area 1027 | -10/Mines | Assisted by a Guerilla fighting off Assembled 1320 | -10/Mines | Core integrity fell below 50% 1879 | -10/Mines | Discovered new exit (range 10) 2375 | -10/Mines | Assisted by bots powering up and referring to "LRC-V3" 2379 | -10/Mines | Build established: Scavenger-Mutant 2470 | -10/Mines | Entered Materials 2470 | -9/Materials | Accompanied by 5 allies 2470 | -9/Materials | Evolved 2 slots: Utility x2 2471 | -9/Materials | Loaded intel: 12 terminal locations 2475 | -9/Materials | Led the pair of lost Derelicts to an unsafe place 2545 | -9/Materials | Identified exit to Mines 2910 | -9/Materials | Build established: Mutant 3236 | -9/Materials | Entered Mines 3237 | -9/Mines | Learned location of Storage (-8) 3642 | -9/Mines | Discovered new exit (range 13) 3696 | -9/Mines | Discovered new exit (range 16) 3927 | -9/Mines | Deemed a non-threat by the Exiles lab entrance 3928 | -9/Mines | Discovered new exit (range 5) 3932 | -9/Mines | Entered Exiles 3958 | -9/Exiles | Met 8R-AWN 3976 | -9/Exiles | Met EX-HEX 4005 | -9/Exiles | Met EX-BIN 4018 | -9/Exiles | Aligned with FarCom system 4019 | -9/Exiles | Given EX-Vault access code 4044 | -9/Exiles | Opened EX-Vault 4054 | -9/Exiles | Found Field Lobotomy Kit 4060 | -9/Exiles | Found YOLO Cannon 4085 | -9/Exiles | Warned to stay clear of 0b10 Research branches 4122 | -9/Exiles | Met EX-DEC 4130 | -9/Exiles | Learned location of Zion (-6) 4172 | -9/Exiles | Visited The Gauntlet 4980 | -9/Exiles | Attacked by the Exiles 5080 | -9/Exiles | Core integrity fell below 50% 5134 | -9/Exiles | Core integrity fell below 20% 5172 | -9/Exiles | Lost 6 parts (2p1n2u1w) 5177 | -9/Exiles | Destroyed 8R-AWN 5185 | -9/Exiles | Found Prototype Ballistic Gun 5185 | -9/Exiles | Identified 8R-AWN's Boregun 5215 | -9/Exiles | Found Prototype Processor 5220 | -9/Exiles | Found 8R-AWN's Boregun 5227 | -9/Exiles | Found Prototype Device 5227 | -9/Exiles | Identified AS-neutralizer No. 17b 5619 | -9/Exiles | Build established: Scavenger-Mutant 5663 | -9/Exiles | Destroyed EX-BIN 5765 | -9/Exiles | Destroyed EX-DEC 5779 | -9/Exiles | Destroyed EX-HEX 6035 | -9/Exiles | Found Prototype Device 6035 | -9/Exiles | Identified System Purifier 6061 | -9/Exiles | Found Prototype Processor 6066 | -9/Exiles | Found Deploy-a-Sentry 6223 | -9/Exiles | Found Supersonic Drone Bay 6301 | -9/Exiles | Build established: Mutant 6547 | -9/Exiles | Discovered new exit (range 10) 6558 | -9/Exiles | Stole four prototypes: Supersonic Drone Bay, YOLO Cannon, Field Lobotomy Kit, Deploy-a-Sentry 6558 | -9/Exiles | Entered Mines 6561 | -8/Mines | P1-3CE came to Exiles' defense 6565 | -8/Mines | Destroyed by P1-3CE with P1-3CE's Gatling Flakker Last Messages --------------- 06066_ Acquired Deploy-a-Sentry. 06076_ Acquired Imp. Target Analyzer. 06090_ Acquired Adv. Component Analysis Suite. 06100_ Dropped Lgt. Treads. 06100_ Acquired Mak. Sensor Array. 06104_ Dropped Lgt. Treads. 06104_ Acquired Mak. Leg. 06223_ Dropped Lgt. Armor Plating. 06223_ Acquired Supersonic Drone Bay. 06425_ Trailblazer released from Supersonic Drone Bay. 06448_ Trailblazer retrieved by Supersonic Drone Bay. 06547_ EXIT=FOUND A strange signal echoes through the mines. LOCATION=UNKNOWN GOAL=ESCAPE 06558_ Dropped Imp. Assault Rifle. 06559_ Dropped Bore Cannon. 06561_ P1-3CE: "I came as fast as I could... Wait, it was you!" 06561_ G-47 Trooper destroyed. 06563_ Knocked back. Map ----- +----------------------------------------------------+ | ??????????????????????????????????? | | ??????????????????????????????????? | | ??????????????????????????????????? | | ??????????????????????????????????? | | ??????????????????????????????????? | | ??????????????????????????????????? | | ??????????????????????????????????? | | ??????????????????????????????????? | | ??????????????????????????????????? | | ??????????????????????????????????? | | ??????????????????????????????????? | | ??????????????????????????????????? | | ??????????###?????????????????????? | | ???????### $ ?????????????????????? | | ??????## ?????????????????????? | | ??????# #?????????????????????? | | ??????# ###???????????????????? | | ??????? ???????????????????? | | ???????; ;;#???????????????????? | | ???????#; ; #???????????????????? | | ???????#;;M ; #???????????????????? | | ???????#;; ; #???????????????????? | | ???????#; ;;#???????????????????? | | ???????#; ###### #??????????? | | ????????# [ #??????????? | | ????????##@l #??????????? | | ?????????## #?????????? | | ???????????# #????????? | | ????????????##; % ;## ?????????? | | ??????????????";;;;;;#????????????? | | ??????????????? ##????????????? | | ????????????????#####?????????????? | | ??????????????????????????????????? | | ??????????????????????????????????? | | ??????????????????????????????????? | | ??????????????????????????????????? | | ??????????????????????????????????? | | ??????????????????????????????????? | | ??????????????????????????????????? | | ??????????????????????????????????? | | ??????????????????????????????????? | | ??????????????????????????????????? | | ??????????????????????????????????? | | ??????????????????????????????????? | | | | | | | | | | | | | +----------------------------------------------------+ Best States ------------- Heat Dissipation 42 Energy Generation 19 Energy Capacity 310 Matter Stores 300 Matter Capacity 300 Sight Range 16 Robot Scan Range 19 Terrain Scan Density 10 Armor Coverage 450 Propulsion Shielding 33 Weapon Cycling 25 Evasion (%) 55 Targeting Accuracy 5 Recoil Reduction 2 Salvage Targeting 1 Item Schematics ----------------- Huge Storage Unit | -10/Materials | Hacked Robot Schematics ------------------ None Fabricated ------------ Nothing Alien Tech Used ----------------- None Achievements -------------- None Challenges ------------ None Game ------ Seed PointBottomlessHumpback Manual? 0 Play Time 00:35:34 Cumulative 366.7 hours Start 2022.05.29 @ 16:06:21 End 2022.05.30 @ 12:06:53 Sessions 3 Manual Loads 0 Difficulty Rogue Special Mode None Game No. 394 Rogue 394 Adventurer 0 Explorer 0 Win Type - Total 29 Types 18/3/2/1/2/0/3/0/0 Lore% 89 Gallery% 89 Achievement% 80 Wizard Run 0 Options --------- ASCII 0 Keyboard 0 Movement Arrows Keybinds 0 Fullscreen 2 Font 18/SmallcapsGlow Map View 76x50 Tactical HUD 1 Map Filters NONE Filters NONE Steam 1 RUN: 044df242-b3a5-49e1-acc6-464b92291248